 Dungeon Crawl Stone Soup version 0.30-a0-122-g2a1322497e (webtiles) character file.

Game seed: 12808081552221598157

80 Garessta the Sneak (level 4, -4/33 HPs)
             Began as a Demonspawn Brigand on Sept 15, 2022.
             Was a Follower of Wu Jian.
             Killed by nerve-wracking pain
             ... invoked by Grinder
              (10 damage)
             ... on level 3 of the Dungeon.
             The game lasted 00:05:16 (1911 turns).

Garessta the Sneak (Demonspawn Brigand)             Turns: 1911, Time: 00:05:17

Health: -4/33      AC:  5    Str: 11    XL:     4   Next: 18%
Magic:  6/6        EV: 11    Int: 13    God:    Wu Jian [*.....]
Gold:   97         SH:  0    Dex: 16    Spells: 4/6 levels left

rFire   + . .      SeeInvis .    h - +1 dagger (flame)
rCold   + . .      Faith    .    (no shield)
rNeg    . . .      Spirit   .    b - +0 robe
rPois   .          Reflect  .    (no helmet)
rElec   .          Harm     .    s - scarf {rC+ rF+}
rCorr   .          Rampage  .    (no gloves)
Will    .....                    (no boots)
Stlth   +++.......               (no amulet)
HPRegen 0.11/turn                (no ring)
MPRegen 0.10/turn                (no ring)

@: no status effects
A: yellow scales 2, spiny 1
a: Renounce Religion


You were on level 3 of the Dungeon.
You worshipped Wu Jian.
Wu Jian was aware of your devotion.
You visited 1 branch of the dungeon, and saw 3 of its levels.

You collected 97 gold pieces.

Inventory:

Hand Weapons
 a - a +2 dagger
 h - a +1 dagger of flaming (weapon)
 m - a +0 rapier
Missiles
 d - 9 poisoned darts (quivered)
 i - a throwing net
Armour
 b - a +0 robe (worn)
 c - a +0 cloak
 s - a scarf of resistance (worn)
Jewellery
 w - a ring of protection from fire
Wands
 u - a wand of flame (13)
 v - a wand of roots (10)
Scrolls
 l - a scroll of blinking {unknown}
 o - a scroll of amnesia {unknown}
 p - a scroll of summoning {unknown}
 q - a scroll of silence {unknown}
 t - a scroll of teleportation {unknown}
Potions
 g - a potion of might {unknown}
 j - a potion of flight {unknown}
 k - 5 potions of curing
 n - a potion of attraction {unknown}
 r - a potion of heal wounds {unknown}


   Skills:
 - Level 2.0 Fighting
 + Level 3.6 Short Blades
 - Level 1.7 Throwing
 - Level 0.8 Dodging
 - Level 3.6 Stealth
 + Level 1.5 Spellcasting


You had 4 spell levels left.
You knew the following spells:

 Your Spells              Type           Power      Damage    Failure   Level
p - Blink                 Tloc           0%         N/A       38%         2

Your spell library contained the following spells:

 Spells                   Type           Power      Damage    Failure   Level
 Beastly Appendage        Tmut           0%         N/A       26%         1
 Wereblood                Tmut           0%         N/A       38%         2
 Lesser Beckoning         Tloc           0%         N/A       63%         3
 Spider Form              Tmut/Pois      0%         N/A       63%         3
 Manifold Assault         Tloc           0%         N/A       95%         4


Dungeon Overview and Level Annotations

Branches:
Dungeon (3/15)

Altars:
Cheibriados
Wu Jian

Annotations:
D:3 Grinder, Ijyb, Natasha


Innate Abilities, Weirdness & Mutations

You are mostly covered in yellow scales. (AC +3)
You are partially covered in sharp spines.


Message History

You hit Ijyb but do no damage. You punch Ijyb, but do no damage.
Ijyb is severely wounded.
Ijyb closely misses you.
You barely miss Ijyb.
Ijyb is severely wounded.
Ijyb looks more healthy.
Grinder barely misses you.
You completely miss Ijyb.
Ijyb is severely wounded.
Ijyb is struck by your spines. Ijyb hits you with a +0 dagger.
Grinder is struck by your spines. Grinder hits you but does no damage.
You barely miss Ijyb.
Ijyb is almost dead.
Grinder hits you but does no damage. Ijyb is struck by your spines.
Ijyb completely misses you.
You hit Ijyb but do no damage.
Ijyb is almost dead.
You hit Ijyb but do no damage.
Ijyb is almost dead.
Grinder is struck by your spines. Grinder hits you.
Ijyb hits you with a +0 dagger.
You hit Ijyb but do no damage.
Ijyb is almost dead.
Grinder barely misses you.
You hit Ijyb but do no damage.
Ijyb is almost dead.
Grinder hits you!
You writhe in agony.
Ijyb is struck by your spines. Ijyb closely misses you.
You barely miss Ijyb.
Ijyb is almost dead.
Grinder hits you.
* * * LOW HITPOINT WARNING * * *
You writhe in agony.
* * * LOW HITPOINT WARNING * * *
As you read the scroll labelled SASETU JURASH, it crumbles to dust.
It is a scroll of identify.
k - 5 potions of curing Ijyb closely misses you.
Grinder gestures at you. Pain shoots through your body!
You die...

#..........#
#..........
#.........#
#(........#
#.........#
#.........#
#...g.....#
#....@5...#
######.####
#...<...#
#.###.#.#
###.# #


You could see Grinder and Ijyb (slow).

Vanquished Creatures
  Crazy Yiuf (D:2)
  3 adders (D:2)
  4 ball pythons
  3 bats
  2 endoplasms (D:1)
  2 giant cockroaches (D:1)
  A goblin (D:2)
  A hobgoblin (D:3)
  A quokka (D:1)
  2 frilled lizards
  2 kobolds
  2 rats
24 creatures vanquished.

Notes
Turn   | Place    | Note
-------+----------+-------------------------------------------
     0 | D:1      | Garessta the Demonspawn Brigand began the quest for the
                  | Orb.
     0 | D:1      | Reached XP level 1. HP: 16/16 MP: 1/1
   203 | D:1      | Gained mutation: You are partially covered in yellow
                  | scales. (AC +2) [demonic ancestry]
   203 | D:1      | Reached XP level 2. HP: 22/22 MP: 2/2
   937 | D:2      | Gained mutation: You are partially covered in sharp spines.
                  | [demonic ancestry]
   937 | D:2      | Reached XP level 3. HP: 13/27 MP: 3/3
  1240 | D:2      | Found a runed translucent door.
  1241 | D:2      | Noticed Crazy Yiuf
  1337 | D:2      | Found a snail-covered altar of Cheibriados.
  1396 | D:2      | Learned a level 2 spell: Blink
  1548 | D:2      | Killed Crazy Yiuf
  1549 | D:2      | Reached skill level 1 in Spellcasting
  1549 | D:2      | Gained mutation: You are mostly covered in yellow scales.
                  | (AC +3) [demonic ancestry]
  1549 | D:2      | Reached XP level 4. HP: 22/33 MP: 4/6
  1686 | D:3      | Found a faded altar of an unknown god.
  1799 | D:3      | Prayed at the altar of an unknown god.
  1799 | D:3      | Became a worshipper of the Wu Jian Council
  1799 | D:3      | Reached * piety under Wu Jian
  1859 | D:3      | Noticed Natasha
  1891 | D:3      | Noticed Ijyb
  1895 | D:3      | Noticed Grinder
  1896 | D:3      | Paralysed by Grinder for 4 turns
  1911 | D:3      | Killed from afar by Grinder

Illustrated notes

Levels and vault maps discovered:
D:1:      scummos_arrival_checkerplants, layout_basic,
          chequers_serial_rivers_micro_d
D:2:      layout_basic, basic_altar, uniq_crazy_yiuf_cottage
D:3:      layout_basic, nicolae_ecumenical_oubliette, minmay_misc_feat_ornament,
          uniq_sigmund, uniq_natasha, uniq_grinder, uniq_ijyb, uniq_robin

Skill      XL: |  1  2  3 |
---------------+----------+-----
Short Blades   | 2 3 |  3.6
Spellcasting   | 1 |  1.5
Fighting       | |  2.0
Throwing       | |  1.7
Dodging        | |  0.8
Stealth        | |  3.6

Action                   |  1- 3 |  4- 6 || total
-------------------------+-------+-------++-------
Melee: Dagger            |    56 |    16 ||    72
       Punch             |       |     1 ||     1
Throw: Dart              |     2 |     3 ||     5
Invok: Lunge             |       |     1 ||     1
  Use: Scroll            |       |     1 ||     1
 Stab: Sleeping          |     4 |       ||     4
Armor: Robe              |    14 |     4 ||    18
Dodge: Dodged            |    18 |     8 ||    26

Table legend: (Time is in decaauts)
 A = Elapsed time spent in this place.
 B = Non-inter-level travel time spent in this place.
 C = Inter-level travel time spent in this place.
 D = Time resting spent in this place.
 E = Time spent auto-exploring this place.
 F = Levels seen in this place.
 G = Mean time per level.
                   A        B        C        D        E       F      G
               +--------+--------+--------+--------+--------+-----+--------+
         Total |   1902 |   1726 |    176 |      0 |   1441 |   3 |  634.0 |
       Dungeon |   1902 |   1726 |    176 |      0 |   1441 |   3 |  634.0 |
               +--------+--------+--------+--------+--------+-----+--------+

Top non-repeatable levels by time:
     D:2: 1074 daAuts
     D:1: 720 daAuts
     D:3: 106 daAuts
